AoeStats
← TheDayDollarDie

Hill Fort

504308098Analyzed
2v2 RM · 27d ago on Sep 4, 2026· 44m 14s· 4 players
Game mode
Random Map
Map size
Medium (4 player)
Population
200
Speed
Normal
Resources
Standard
Victory
Conquest
Starting age
Dark Age
Ending age
Imperial Age
RankedLock teamsTeams togetherTeam positionsShared explorationLock speedFull tech treeHidden civsTurbo modeCheats
Victory
Defeat
🇫🇷 Teutons · France
1049
+16
🇫🇷 Bohemians · France
1043
+16
🇦🇷 Italians · Argentina
1123
-20
🇦🇷 Hindustanis · Argentina
957
-12
Doraso Troncoso de Elite
5:47 Loom
10:56 Feudal Age
17:51 Loom
21:26 Castle Age
19:47 Horse Collar
20:37 Padded Archer Armor
20:30 Fletching
21:55 Forging
24:36 Double-Bit Axe
25:10 Padded Archer Armor
29:30 Murder Holes
34:12 Imperial Age
Ñorda
1:39 Loom
10:42 Feudal Age
11:32 Double-Bit Axe
11:31 Horse Collar
19:28 Castle Age
18:03 Stone Mining
18:37 Gold Mining
21:23 Stone Shaft Mining
20:54 Heavy Plow
23:58 Bow Saw
27:42 Imperial Age
27:20 Wheelbarrow
27:40 Wheelbarrow
27:59 Wheelbarrow
28:34 Husbandry
28:45 Bloodlines
28:50 Forging
30:02 Squires
29:48 Arson
31:54 Iron Casting
31:20 Scale Mail Armor
31:45 Squires
35:40 Hand Cart
36:38 Gold Shaft Mining
39:20 Blast Furnace
38:35 Chain Mail Armor
Kestuvaffer
10:21 Feudal Age
10:57 Double-Bit Axe
10:54 Horse Collar
13:59 Gold Mining
14:02 Stone Mining
18:52 Castle Age
18:21 Wheelbarrow
19:01 Town Watch
19:07 Arson
20:26 Heavy Plow
21:52 Scale Mail Armor
22:05 Forging
23:46 Bow Saw
24:54 Hand Cart
26:47 Iron Casting
26:38 Chain Mail Armor
27:56 Squires
29:47 Town Patrol
36:34 Imperial Age
35:57 Caravan
37:45 Conscription
36:47 Elite Teutonic Knight
38:24 Plate Mail Armor
40:13 Blast Furnace
TheDayDollarDie
10:59 Feudal Age
11:38 Double-Bit Axe
11:42 Horse Collar
14:04 Wheelbarrow
22:24 Castle Age
22:29 Padded Archer Armor
24:58 Chemistry
24:33 Hand Cart
24:28 Heavy Plow
28:08 Leather Archer Armor
37:53 Imperial Age
38:34 Bow Saw
Connection lost

Rejoining the realm…

Still unreachable

The connection could not be restored.

Session expired

The server has moved on; the page needs a fresh start.